 Dungeon Sprint DCSS version 0.21.0-3-g78d12a8bdd (webtiles) character file.

5596 Quolop the Eclecticist (level 10, -3/54 HPs)
             Began as a Deep Elf Fire Elementalist on Jan 12, 2018.
             Was the Champion of Vehumet.
             Killed from afar by Erolcha (18 damage)
             ... with a fireball
             ... in the Dungeon (Sprint IX: "|||||||||||||||||||||||||||||").
             The game lasted 00:10:01 (1809 turns).

Quolop the Eclecticist (Deep Elf Fire Elementalist) Turns: 1809, Time: 00:10:02

Health: -3/54      AC:  4    Str:  5    XL:     10   Next: 45%
Magic:  28/33      EV: 18    Int: 24    God:    Vehumet [******]
Gold:   12         SH:  0    Dex: 18    Spells: 13/43 levels left

rFire    . . .     SeeInvis .   o - staff of energy
rCold    . . .     Gourm    .   (no shield)
rNeg     . . .     Faith    .   a - +0 robe
rPois    .         Spirit   .   (no helmet)
rElec    .         Reflect  .   p - +0 cloak
rCorr    .         Harm     .   (no gloves)
MR       +....     NoTele   +   q - +0 pair of boots
Stlth    +++.......             (no amulet)
HPRegen  0.18/turn              r - +3 ring of dexterity
MPRegen  0.23/turn              s - +2 ring of evasion

@: no status effects
A: no striking features
a: Renounce Religion


You were in the Dungeon.
You worshipped Vehumet.
Vehumet was exalted by your worship.
You were hungry.

You visited 1 branch You collected 12 gold pieces.

Inventory:

Hand Weapons
 j - a +0 dagger of venom
Missiles
 t - 5 tomahawks (quivered)
Armour
 a - a +0 robe (worn)
 p - a +0 cloak (worn)
 q - a +0 pair of boots (worn)
 B - a +0 pair of boots
 C - a +0 pair of gloves
Magical Staves
 o - an uncursed staff of energy (weapon)
Jewellery
 r - a +3 ring of dexterity (left hand)
 s - a +2 ring of evasion (right hand)
Wands
 n - a wand of acid (7)
 w - a wand of paralysis (11)
Scrolls
 i - 2 scrolls of blinking
 l - 4 scrolls of remove curse
 m - 2 scrolls of amnesia
 x - 2 scrolls of fog
 y - 2 scrolls of enchant armour
 z - a scroll of fear
 A - 2 scrolls of enchant weapon
Potions
 d - 5 potions of curing
 e - a potion of invisibility
 f - 2 potions of haste
 g - 4 potions of magic
 h - a potion of berserk rage
 k - 6 potions of heal wounds
 u - 2 potions of agility
Books
 b - a book of Flames

   Spells                             Type                      Level
   a - Flame Tongue                   Conjuration/Fire             1
   b - Throw Flame                    Conjuration/Fire             2
   c - Conjure Flame                  Conjuration/Fire             3
   d - Inner Flame                    Hexes/Fire                   3
   e - Sticky Flame                   Conjuration/Fire             4
   f - Fireball                       Conjuration/Fire             5
 v - Ihivuch's Handbook of Dusty Unholy Arts
   (You found it in the Dungeon)

   Spells                             Type                      Level
   a - Animate Skeleton               Necromancy                   1
   b - Sublimation of Blood           Necromancy                   2
   c - Vampiric Draining              Necromancy                   3
   d - Petrify                        Transmutation/Earth          4
   e - Excruciating Wounds            Charms/Necromancy            5
   f - Bolt of Magma                  Conjuration/Fire/Earth       5
Comestibles
 c - 13 rations


   Skills:
 + Level 2.3 Fighting
 + Level 1.5 Short Blades
 + Level 2.3 Throwing
 + Level 5.9 Dodging
 + Level 5.5 Stealth
 * Level 17.0 Spellcasting
 * Level 12.7 Conjurations
 - Level 2.0 Hexes
 * Level 15.7 Fire Magic
 + Level 5.3 Evocations


You had 13 spell levels left.
You knew the following spells:

 Your Spells              Type           Power        Failure   Level  Hunger
a - Flame Tongue          Conj/Fire      #####        0%          1    None
b - Conjure Flame         Conj/Fire      ######..     0%          3    None
c - Inner Flame           Hex/Fire       ######..     1%          3    None
d - Sticky Flame          Conj/Fire      ######..     1%          4    None
e - Fireball              Conj/Fire      ######....   1%          5    None
f - Ignite Poison         Fire/Tmut/Pois #####...     1%          3    None
g - Force Lance           Conj/Tloc      ######..     1%          4    None
h - Bolt of Magma         Conj/Fire/Erth ######....   1%          5    None
i - Sublimation of Blood  Necr           ###.......   3%          2    None


Dungeon Overview and Level Annotations

Branches:
Dungeon (1/1)

Altars:
Cheibriados
Dithmenos
Elyvilon
Fedhas
Gozag
Hepliaklqana
Kikubaaqudgha
Makhleb
Nemelex Xobeh
Okawaru
Qazlal
Ru
Sif Muna
Trog
Uskayaw
Vehumet
Wu Jian
Xom
Yredelemnul
Zin
The Shining One
Beogh
Jiyva
Lugonu

Annotations:
D Erolcha


Message History

Confirm with . or Enter, or press ? or * to list all spells.
Aiming: Sticky Flame
Press: ? - help, Shift-Dir - straight line, f - Erolcha
Aim: Erolcha, wielding a giant club and wearing a robe (lightly wounded)
The sticky flame hits Erolcha.
Erolcha is moderately wounded.
Erolcha is covered in liquid flames!
Erolcha burns!
Erolcha casts a spell.
Erolcha blinks!
Casting: Sticky Flame
Confirm with . or Enter, or press ? or * to list all spells.
Aiming: Flame Tongue
Press: ? - help, Shift-Dir - straight line, f/p - Erolcha
Aim: Erolcha, wielding a giant club and wearing a robe (moderately wounded, covered in liquid flames)
The flame tongue hits Erolcha.
Erolcha is heavily wounded.
Erolcha burns!
Erolcha casts a spell at you.
The fireball explodes!
The fireball engulfs you!
You die...

▓▓▓▓▓▓▓▓▓▓▓▓▓▓▓▓▓▓▓▓▓▓▓▓
................@§....O.
▓▓▓▓▓▓▓▓▓▓▓▓▓▓▓▓▓▓▓▓▓▓▓▓▓▓▓▓▓
......'.†......÷...!'.......▓
▓▓▓▓▓▓▓▓▓▓▓▓▓▓▓▓▓▓▓▓▓▓▓▓▓▓▓.▓
............................▓
▓▓▓▓▓▓▓▓▓▓▓▓▓▓▓▓▓▓▓▓▓▓▓▓▓▓▓▓▓
___________'..÷).'..)..'...<▓
▓▓▓▓▓▓▓▓▓▓▓▓▓▓▓▓▓▓▓▓▓▓▓▓▓▓▓▓▓


You could see Erolcha (burning).

Vanquished Creatures
  A hydra (D)
  An elephant (D)
  A black mamba (D)
  A yaktaur (shapeshifter) (D)
  A spiny frog (D)
  A rime drake (D)
  3 polar bears (D)
  A slime creature (D)
  A blink frog (D)
  2 hippogriffs (D)
  A wraith (D)
  3 water moccasins (D)
  3 porcupines (D)
  An orc warrior (D)
  5 black bears (D)
  A phantom (D)
  3 crocodiles (D)
  A centaur (D)
  3 bullfrogs (D)
  A scorpion (D)
  A howler monkey (D)
  A killer bee (D)
  A jelly (D)
  A gnoll shaman (D)
  A gnoll (D)
  An adder (D)
  3 giant cockroaches (D)
  2 goblins (D)
  A ball python skeleton (D)
  A frilled lizard (D)
48 creatures vanquished.

Notes
Turn   | Place    | Note
-------+----------+-------------------------------------------
     0 | D        | Quolop the Deep Elf Fire Elementalist began the quest for the Orb.
     0 | D        | Reached XP level 1. HP: 10/10 MP: 6/6
    82 | D        | Noticed a phantom
    82 | D        | Noticed a jelly
    86 | D        | Killed a jelly
    86 | D        | Reached skill level 4 in Spellcasting
    86 | D        | Reached XP level 2. HP: 3/15 MP: 3/9
    86 | D        | Reached XP level 3. HP: 4/19 MP: 3/11
    93 | D        | Killed a phantom
    93 | D        | Reached skill level 6 in Spellcasting
    93 | D        | Reached XP level 4. HP: 20/24 MP: 0/14
   302 | D        | Found a roughly hewn altar of Beogh.
   302 | D        | Found a snail-covered altar of Cheibriados.
   302 | D        | Found a shadowy altar of Dithmenos.
   302 | D        | Found a white marble altar of Elyvilon.
   302 | D        | Found a blossoming altar of Fedhas.
   302 | D        | Found an opulent altar of Gozag.
   303 | D        | Found a hazy altar of Hepliaklqana.
   304 | D        | Found a viscous altar of Jiyva.
   305 | D        | Found an ancient bone altar of Kikubaaqudgha.
   306 | D        | Found a corrupted altar of Lugonu.
   307 | D        | Found a burning altar of Makhleb.
   308 | D        | Found a sparkling altar of Nemelex Xobeh.
   309 | D        | Found an iron altar of Okawaru.
   310 | D        | Found a stormy altar of Qazlal.
   311 | D        | Found a sacrificial altar of Ru.
   312 | D        | Found a deep blue altar of Sif Muna.
   313 | D        | Found a bloodstained altar of Trog.
   314 | D        | Found a hide-covered altar of Uskayaw.
   315 | D        | Found a radiant altar of Vehumet.
   316 | D        | Found an ornate altar of the Wu Jian Council.
   317 | D        | Found a shimmering altar of Xom.
   318 | D        | Found a basalt altar of Yredelemnul.
   319 | D        | Found a glowing silver altar of Zin.
   320 | D        | Found a glowing golden altar of the Shining One.
   325 | D        | Became a worshipper of Vehumet
   363 | D        | Noticed an orc warrior
   369 | D        | Learned a level 3 spell: Conjure Flame
   373 | D        | Learned a level 3 spell: Inner Flame
   378 | D        | Learned a level 4 spell: Sticky Flame
   384 | D        | Reached skill level 7 in Spellcasting
   384 | D        | Reached XP level 5. HP: 28/28 MP: 5/16
   391 | D        | Reached * piety under Vehumet
   391 | D        | Offered knowledge of Magic Dart by Vehumet.
   391 | D        | Reached skill level 8 in Spellcasting
   393 | D        | Killed an orc warrior
   393 | D        | Reached skill level 10 in Fire Magic
   393 | D        | Reached XP level 6. HP: 21/33 MP: 1/19
   393 | D        | Reached skill level 1 in Fighting
   393 | D        | Reached skill level 9 in Spellcasting
   393 | D        | Reached skill level 5 in Conjurations
   413 | D        | Reached ** piety under Vehumet
   413 | D        | Reached skill level 1 in Hexes
   515 | D        | Learned a level 5 spell: Fireball
   516 | D        | Noticed a wraith
   516 | D        | Noticed a basilisk
   516 | D        | Noticed a hippogriff
   516 | D        | Noticed a slime creature
   523 | D        | Noticed a soldier ant
   523 | D        | a basilisk changed into a soldier ant
   567 | D        | Killed a slime creature
   567 | D        | Offered knowledge of Sting by Vehumet.
   567 | D        | Reached skill level 5 in Dodging
   567 | D        | Reached skill level 10 in Spellcasting
   567 | D        | Reached XP level 7. HP: 30/39 MP: 15/22
   569 | D        | Reached skill level 1 in Evocations
   574 | D        | Killed a hippogriff
   574 | D        | Reached skill level 1 in Short Blades
   574 | D        | Reached skill level 1 in Throwing
   574 | D        | Reached skill level 11 in Spellcasting
   639 | D        | Noticed a yaktaur
   641 | D        | Killed a yaktaur
   641 | D        | Reached *** piety under Vehumet
   641 | D        | Reached skill level 12 in Spellcasting
   641 | D        | Reached XP level 8. HP: 44/44 MP: 10/26
   795 | D        | Offered knowledge of Ignite Poison by Vehumet.
   800 | D        | Learned a level 3 spell: Ignite Poison
   827 | D        | Offered knowledge of Force Lance by Vehumet.
   827 | D        | Reached skill level 5 in Stealth
   878 | D        | Learned a level 4 spell: Force Lance
  1011 | D        | Identified Ihivuch's Handbook of Dusty Unholy Arts (You found it in the Dungeon)
  1030 | D        | Learned a level 5 spell: Bolt of Magma
  1033 | D        | Learned a level 2 spell: Sublimation of Blood
  1033 | D        | Noticed a hippogriff
  1044 | D        | Reached **** piety under Vehumet
  1048 | D        | Offered knowledge of Airstrike by Vehumet.
  1048 | D        | Reached skill level 13 in Spellcasting
  1059 | D        | Killed a hippogriff
  1059 | D        | Reached ***** piety under Vehumet
  1059 | D        | Reached XP level 9. HP: 48/48 MP: 4/28
  1063 | D        | Noticed a spiny frog
  1068 | D        | Killed a spiny frog
  1068 | D        | Reached skill level 14 in Spellcasting
  1077 | D        | Noticed a rime drake
  1079 | D        | Killed a rime drake
  1079 | D        | Reached skill level 10 in Conjurations
  1144 | D        | Noticed a black mamba
  1155 | D        | Reached skill level 15 in Spellcasting
  1156 | D        | Noticed a six-headed hydra
  1158 | D        | Killed a black mamba
  1302 | D        | Offered knowledge of Iskenderun's Battlesphere by Vehumet.
  1316 | D        | Killed a six-headed hydra
  1316 | D        | Reached skill level 16 in Spellcasting
  1316 | D        | Reached skill level 15 in Fire Magic
  1316 | D        | Reached XP level 10. HP: 43/53 MP: 3/32
  1352 | D        | Noticed an elephant
  1374 | D        | Killed an elephant
  1501 | D        | Reached skill level 5 in Evocations
  1512 | D        | Reached ****** piety under Vehumet
  1533 | D        | Offered knowledge of Bolt of Cold by Vehumet.
  1692 | D        | Reached skill level 17 in Spellcasting
  1789 | D        | Noticed Erolcha
  1809 | D        | Killed from afar by Erolcha

Skill      XL: |  1  2  3  4  5  6  7  8  9 10 |
---------------+-------------------------------+-----
Fire Magic     | 6 8 10 11 12 13 15 | 15.7
Dodging        | 3 4 5 |  5.9
Stealth        | 3 4 5 |  5.5
Spellcasting   | 4 6 7 8 10 12 13 16 17 | 17.0
Conjurations   | 2 3 4 6 7 9 11 12 | 12.7
Fighting       | 1 2 |  2.3
Hexes          | 1 2 |  2.0
Evocations     | 1 2 4 5 |  5.3
Short Blades   | 1 |  1.5
Throwing       | 1 2 |  2.3

Action                   |  1- 3 |  4- 6 |  7- 9 | 10-12 || total
-------------------------+-------+-------+-------+-------++-------
Melee: Dagger            |     2 |    15 |       |       ||    17
       Staff             |       |       |       |    12 ||    12
Throw: Tomahawk          |       |     4 |       |       ||     4
 Cast: Flame Tongue      |    13 |    11 |    15 |     8 ||    47
       Inner Flame       |       |     3 |     2 |       ||     5
       Conjure Flame     |       |     2 |     4 |     5 ||    11
       Sticky Flame      |       |     1 |     8 |     9 ||    18
       Fireball          |       |       |    18 |     4 ||    22
Evoke: Wand              |       |     3 |       |       ||     3
       Staff of energy   |       |       |    17 |     9 ||    26
  Use: Potion            |     1 |       |       |       ||     1
  Eat: Chunk             |       |       |     2 |     1 ||     3
Armor: Robe              |     1 |     2 |     1 |     1 ||     5
Dodge: Dodged            |     3 |    17 |    14 |    22 ||    56
